[Event "*** MasterClass Titled Tuesday Blitz"]
[Site "Chess.com"]
[Date "2017.12.12"]
[Round "1"]
[White "ChristopherYoo"]
[Black "Bryakin_Mikhail"]
[Result "0-1"]
[WhiteElo "2265"]
[BlackElo "2559"]
[TimeControl "180+2"]
[EndTime "13:10:03 PST"]
[Termination "Bryakin_Mikhail won by resignation"]

1. e4 c6 2. d4 d5 3. Nc3 dxe4 4. Nxe4 Bf5 5. Ng3 Bg6 6. h4 h6 7. h5 Bh7 8. Nf3 Nd7 9. Bd3 Bxd3 10. Qxd3 Qc7 11. Bd2 Ngf6 12. O-O-O e6 13. Ne4 Nxe4 14.
Qxe4 Bd6 15. c4 O-O-O 16. Bc3 Nf6 17. Qe2 Qe7 18. Ne5 Nd7 19. Rhe1 Nxe5 20. dxe5 Bb4 21. Bxb4 Qxb4 22. Kb1 Rxd1+ 23. Rxd1 Rd8 24. Rxd8+ Kxd8 25. b3 Ke7 26. Qe3 a5 27. Kc2 Qa3 28. Kb1 Qb4 29. Kc2 a4 30. Qc3 Qa3 31. Kb1 Qc5 32. Qd2 a3 33. Qf4 Qb4 34. Qe3 Ke8 35. f4 g6 36.
hxg6 fxg6 37. g4 Kf7 38. Kc2 Qe7 39. Qf2 Kg7 40. Qd4 Qf7 41. c5 h5 42. gxh5 gxh5 43.
Qg1+ Kh7 44. Qh1 Kh6 45. Qh4 Qf5+ 46. Kc3 Kg6 47. Qe7 Qh3+ 48. Kb4 Kf5 49. Qf6+ Ke4 50. Kxa3 h4 51. Qg6+ Kxf4 52. Qf6+ Ke3 53. Qg5+ Kf3 54. Qf6+ Kg2 55. Qg5+ Qg3 56. Qd2+ Kh3 57. Qd7 Qxe5 58. Qd3+ Kg4 59. Qg6+ Kf3 60. Qd3+ Qe3 61. Qd1+ Kg3 62. Qd7 h3 63. Qg7+ Kf2 64. Qf6+ Kg2 65. Qg6+ Kf1 66.
Qf7+ Qf2 67. Qxe6 h2 68. Qh3+ Ke2 69. Qh5+ Ke3 70. Qh3+ Kd2 71. Qh6+ Kd1 72. Qh5+ Qe2 73. Qh3 Qa6+ 74. Kb2 Qe2+ 75. Ka3 Kd2 76. Qh6+ Kd3 77. Qh7+ Kd4 78. Qh8+ Kxc5 79. Qf8+ Kb6 80. Qd8+ Ka7 81. Qa5+ Qa6 0-1

[Event "*** MasterClass Titled Tuesday Blitz"]
[Site "Chess.com"]
[Date "2017.12.12"]
[Round "1"]
[White "gemarin"]
[Black "Winehouse83"]
[Result "0-1"]
[WhiteElo "1824"]
[BlackElo "2426"]
[TimeControl "180+2"]
[EndTime "13:10:04 PST"]
[Termination "Winehouse83 won by resignation"]

1. d4 Nf6 2. c4 g6 3. Nc3 Bg7 4. Nf3 O-O 5. g3 d6 6. Bg2 Nbd7 7. O-O e5 8. Qc2 Re8 9. Rd1 Qe7 10. b3 a5 11. e3 c6 12. Ba3 exd4 13. Nxd4 Bf8 14. h3 Nc5 15. Rd2 Nce4 16. Nxe4 Nxe4 17. Rdd1 a4 18.
Kh2 Nc5 19. Rd2 axb3 20. axb3 Qc7 21. b4 Ne6 22. Nb3 Bg7 23. Bb2 Rxa1 24. Bxa1 Qe7 25. Bxg7 Nxg7 26. Qd3 Rd8 27. c5 d5 28. Na5 Bf5 29.
e4 Be6 30. exd5 Bxd5 31. Nc4 Ne6 32. Nd6 Bxg2 33. Kxg2 Nc7 34. Qf3 Nd5 35. b5 Rd7 36. Ne4 Qe5 37. b6 Kg7 38. h4 Re7 39. Nd6 h5 40.
Qb3 Nf6 41. Qd3 Qxc5 42. Nc4 Qd5+ 43. Qxd5 Nxd5 44. Kf3 Rd7 45. Ra2 Kf6 46. Ra7 Ke6 47. Na5 Nxb6 48. Rxb7 Rxb7 49. Nxb7 Nc4 50. Ke4 Nd6+ 51.
Nxd6 Kxd6 52. Kd4 c5+ 53. Kc4 Kc6 54. f3 f5 55. f4 Kd6 56. Kc3 Kd5 57. Kd3 c4+ 58. Kc3 Kc5 59. Kd2 Kd4 60. Ke2 c3 61. Kd1 Kd3 62. Kc1 c2 63. Kb2 Kd2 64. Kb3 c1=Q 0-1

[Event "*** MasterClass Titled Tuesday Blitz"]
[Site "Chess.com"]
[Date "2017.12.12"]
[Round "1"]
[White "Krasimir_Rusev"]
[Black "Alex_Banzea"]
[Result "1-0"]
[WhiteElo "2508"]
[BlackElo "2220"]
[TimeControl "180+2"]
[EndTime "13:10:10 PST"]
[Termination "Krasimir_Rusev won on time"]

1. d4 Nf6 2. Nf3 e6 3. Bf4 d5 4. e3 c5 5. Nbd2 Nc6 6. c3 cxd4 7. cxd4 Nh5 8. Be5 f6 9. Bg3 Be7 10. a3 O-O 11. Bd3 Nxg3 12. hxg3 f5 13. g4 g6 14.
gxf5 exf5 15. Rc1 Kg7 16. g3 Be6 17. b4 Bd6 18. Kf1 Rc8 19. Nb3 b6 20. Kg2 Rc7 21. b5 Ne7 22. a4 Rxc1 23. Qxc1 Qb8 24. Qb2 Rc8 25. Nc1 Qc7 26. Ne2 h6 27. Ne5 Bg8 28. Rc1 Qb7 29. Nf4 Rxc1 30. Qxc1 Qc7 31. Qb2 Qc8 32. Be2 Kh7 33. Bf3 g5 34. Nfd3 Kg7 35. Qb1 Kf6 36. Bd1 Qc3 37. Bh5 Be6 38. Be8 Qc8 39.
Bc6 h5 40. Qh1 Qh8 41. f4 h4 42. fxg5+ Kxg5 43. Nf4 Bg8 44. gxh4+ Kf6 45. h5 Qh6 46.
Qh4+ Qg5+ 47. Qxg5+ Kxg5 48. Kf3 Kh6 49. Be8 Kg5 50.
Kg3 Kh6 51. Kh4 Nc8 52. Bd7 Be7+ 53. Kg3 Nd6 54. Kf3 Nc4 55. Bxf5 Nb2 56. Ng4+ Kg5 57. Bc2 Bd6 58. h6 Nc4 59. Nh3+ 1-0

[Event "*** MasterClass Titled Tuesday Blitz"]
[Site "Chess.com"]
[Date "2017.12.12"]
[Round "1"]
[White "Sam_ChessMood"]
[Black "evgenysharapov"]
[Result "1-0"]
[WhiteElo "2620"]
[BlackElo "2321"]
[TimeControl "180+2"]
[EndTime "13:10:12 PST"]
[Termination "Sam_ChessMood won by checkmate"]

1. e4 c5 2. Nf3 d6 3. d4 cxd4 4.
Nxd4 Nf6 5. Nc3 Nc6 6. Bg5 Qb6 7. Nb3 e6 8. Bxf6 gxf6 9. Qd2 a6 10. O-O-O Bd7 11.
Kb1 O-O-O 12. f4 Kb8 13. Be2 Rg8 14. Bh5 Rg7 15. g4 Na5 16. Nxa5 Qxa5 17. h4 Be7 18.
Rh3 Rc8 19. Rd3 Qc5 20. f5 Bc6 21. Qe2 Qe5 22. Qe3 Rcg8 23. a3 Rc8 24. R3d2 Rcg8 25. Rd3 Rc8 26. Rd4 Qc5 27. Qd2 Rcg8 28. Qe2 Rc8 29.
Qd2 Rcg8 30. Qe1 Rc8 31. Qe2 Rcg8 32. Na4 Bxa4 33. Rxa4 Rc8 34. Rb4 Ka7 35. Rb3 Rc6 36. Rdd3 Qa5 37. Ka2 Qc7 38. Qe3+ Ka8 39. Rdc3 Rc5 40.
Qd4 e5 41. Qd2 Rg8 42. Bxf7 Rb8 43. Bd5 Ka7 44. g5 b6 45. g6 Bf8 46. h5 h6 47. Rxc5 bxc5 48. Bc4 Rxb3 49. cxb3 Qb7 50. Qd3 Qc6 51. Qe3 a5 52. Qd3 Kb6 53. a4 Ka7 54. Bb5 Qb7 55. Qc4 Kb6 56. Qg8 Bg7 57. Qd8+ Qc7 58.
Qe8 Qb7 59. Bc4 Qc7 60. Bd5 Qa7 61. Qd8+ Qc7 62. Qa8 Qa7 63. Qc6# 1-0

[Event "*** MasterClass Titled Tuesday Blitz"]
[Site "Chess.com"]
[Date "2017.12.12"]
[Round "1"]
[White "saraswathii"]
[Black "JoachimBN"]
[Result "0-1"]
[WhiteElo "2278"]
[BlackElo "2564"]
[TimeControl "180+2"]
[EndTime "13:10:20 PST"]
[Termination "JoachimBN won by resignation"]

1. d4 g6 2. Bf4 Bg7 3. e3 Nf6 4. Nf3 c5 5. c3 O-O 6. h3 b6 7. Be2 Bb7 8. Nbd2 d6 9. O-O Nbd7 10. a4 a6 11. Re1 Ra7 12. Bf1 Qa8 13. Qc2 Rc8 14.
Qd3 Ne4 15. Ng5 Nxd2 16. Qxd2 h6 17. Nf3 Nf6 18. Nh2 Nh5 19. a5 b5 20. dxc5 Rxc5 21.
e4 Nxf4 22. Qxf4 h5 23. Bd3 Qc8 24. Nf3 Qe6 25. Rad1 Ra8 26. Qe3 Rac8 27. Nd4 Qf6 28. Nf3 g5 29. Nd4 e6 30. Nb3 R5c6 31. Qa7 Qe7 32. Qe3 R6c7 33. Qe2 h4 34. Qe3 Be5 35. Bc2 Qf6 36. Nd4 b4 37. Rd3 bxc3 38. bxc3 Kg7 39. Red1 Rc5 40. Bb3 Rxa5 41. Nf3 Bf4 42. Qa7 Bxe4 43.
Rd4 Bxf3 44. gxf3 Rxc3 45. Bc4 Rc5 46. Be2 a5 47. Ra4 Qe5 48. Bf1 Rxf3 49. Bg2 Rfc3 50.
Re4 Qf6 51. Ra4 Rc1 52. Bf3 Rxd1+ 53. Bxd1 Qe5 54. Qb6 Rc1 55. Qd4 Kf8 56. Qxe5 Bxe5 0-1

[Event "*** MasterClass Titled Tuesday Blitz"]
[Site "Chess.com"]
[Date "2017.12.12"]
[Round "1"]
[White "AndrewDGreen"]
[Black "mazetofonias"]
[Result "0-1"]
[WhiteElo "2104"]
[BlackElo "2465"]
[TimeControl "180+2"]
[EndTime "13:10:47 PST"]
[Termination "mazetofonias won by resignation"]

1. d4 Nf6 2. Nf3 e6 3. Bf4 c5 4.
e3 Nc6 5. Nbd2 d5 6. c3 Nh5 7. Bg5 Qb6 8. Rb1 h6 9. Bh4 g5 10. Bg3 Nxg3 11. hxg3 Bg7 12. Bd3 Bd7 13. O-O cxd4 14. exd4 O-O 15. Re1 Rae8 16. Ne5 Bc8 17. Qh5 Nxe5 18. Rxe5 Qc7 19. Rxg5 f5 20. Qxh6 Rf7 21.
Nf3 Ref8 22. Ne5 Rf6 23. Rg6 Rxg6 24. Qxg6 Rf6 25. Qh5 Bd7 26. g4 Rf8 27. Re1 Be8 28.
Qh4 Bf6 29. g5 Bg7 30. g6 Bf6 31. Qh6 Qg7 32. Qxg7+ Kxg7 33. g4 Bh4 34. Kg2 a6 35. Re2 f4 36. f3 Bg3 37. Nf7 Bxf7 38. gxf7 Kxf7 39. Kf1 Rh8 40. Rg2 Kf6 41. Ke2 Rh1 42. Bc2 e5 43. dxe5+ Kxe5 44. Kd3 Kd6 45. Re2 Rf1 46. g5 Rxf3+ 47. Kd2 Bh4 48. g6 Rg3 49. Bf5 f3 50. Re6+ Kc7 51. Ke3 Bg5+ 52. Kf2 Bh4 53. Kf1 f2 54. Kxf2 Rxg6+ 55. Ke2 Rg2+ 56. Kd3 Rxb2 57.
Rh6 Bg3 58. a4 Be5 59. Re6 Bf4 60. Re7+ Kb6 61. Bc8 Ka7 62. Kd4 Bg5 63. Rg7 Bf6+ 64.
Kxd5 Bxg7 0-1

[Event "*** MasterClass Titled Tuesday Blitz"]
[Site "Chess.com"]
[Date "2017.12.12"]
[Round "1"]
[White "AndreyOstrovskiy"]
[Black "xamax2000"]
[Result "1-0"]
[WhiteElo "2511"]
[BlackElo "2221"]
[TimeControl "180+2"]
[EndTime "13:11:00 PST"]
[Termination "AndreyOstrovskiy won by checkmate"]

1. e4 c5 2. Nf3 e6 3. d4 cxd4 4.
Nxd4 a6 5. Bd3 Bc5 6. Nb3 Be7 7. Nc3 d6 8. O-O Nd7 9. f4 b5 10. Bd2 Bb7 11. a4 b4 12. Ne2 Ngf6 13. Ng3 h5 14.
Qe1 h4 15. Nh1 h3 16. g3 Nc5 17.
Nxc5 dxc5 18. Nf2 Qc7 19. Qe2 Rd8 20. Rfd1 Qc6 21. b3 Rd4 22. c3 bxc3 23. Bxc3 Rd7 24. Qf1 O-O 25. Bxf6 Bxf6 26. e5 Rfd8 27. Be4 Qb6 28.
Bxb7 Qxb7 29. exf6 Rxd1 30. Rxd1 Rxd1 31. Nxd1 Qd5 32.
fxg7 Qxb3 33. Nf2 c4 34. Qxh3 Kxg7 35. Qg4+ Kf8 36. Qd1 Qb2 37. Ne4 Kg8 38. Qd8+ Kg7 39.
Qg5+ Kf8 40. Qc5+ Kg8 41. Qxc4 Qb1+ 42. Kg2 Qb2+ 43. Kf3 Qxh2 44. Qc8+ Kg7 45. Qc3+ Kg8 46. Nf6+ Kf8 47. Qc8+ Kg7 48. Ng4 Qh1+ 49. Kf2 Qa1 50. Qc4 Qd1 51. Ne3 Qd2+ 52. Kf3 Qh2 53. Qc3+ Kg8 54. Qc2 Qh1+ 55. Qg2 Qa1 56. Qc2 Qh1+ 57. Kg4 Qe1 58. Nc4 Qh1 59. Ne5 Kg7 60. f5 Qe1 61. Nf3 Qb4+ 62. Kh3 Qa3 63. Nh4 e5 64. Qf2 Qxa4 65.
f6+ Kf8 66. Qf5 Qe8 67. Qh5 Qe6+ 68. Qf5 Qe8 69. Nf3 e4 70. Ne5 e3 71. Nd7+ Qxd7 72.
Qxd7 e2 73. Qd8# 1-0

[Event "*** MasterClass Titled Tuesday Blitz"]
[Site "Chess.com"]
[Date "2017.12.12"]
[Round "1"]
[White "RoelandPruijssers"]
[Black "Swarajan"]
[Result "1-0"]
[WhiteElo "2470"]
[BlackElo "2120"]
[TimeControl "180+2"]
[EndTime "13:11:03 PST"]
[Termination "RoelandPruijssers won on time"]

1. e4 c5 2. Nf3 d6 3. Nc3 Nf6 4. g3 g6 5. Bg2 Bg7 6. O-O Nc6 7. Re1 O-O 8. d3 Rb8 9. e5 dxe5 10. Nxe5 Nxe5 11. Rxe5 Ng4 12. Re4 Bf5 13. Rxg4 Bxg4 14. Qxg4 b5 15. Bf4 e5 16. Be3 b4 17. Na4 Re8 18.
Nxc5 Kh8 19. Na6 Rc8 20. Nxb4 a5 21. Nc6 Qd6 22. Qa4 e4 23. Na7 Rcd8 24. Bxe4 Bxb2 25.
Rb1 Bg7 26. Nc6 Rc8 27. Nxa5 f5 28. Nc4 Qf6 29. Bg2 g5 30. c3 Qg6 31. Nd6 Qxd6 32.
Bxg5 Qxd3 33. Rd1 Qc4 34. Qxc4 Rxc4 35. h4 Rxc3 36. Rd2 Rc1+ 37. Kh2 h6 38. Bf4 Kh7 39. Bd5 Kg6 40. Kg2 Rd8 41. Bf7+ Kxf7 42. Rxd8 Rc2 43. Ra8 Bd4 44. Kf1 Rxf2+ 45. Ke1 Rg2 46. a4 Kg6 47. a5 Rg1+ 48. Ke2 Rg2+ 49. Kd3 Bf2 50.
Ra6+ Kg7 51. Bxh6+ Kh7 52. Bg5 Rxg3+ 53. Ke2 Bg1 54.
Rc6 Rg4 55. a6 f4 56. Kf3 Rg3+ 57. Kxf4 Ra3 58. Kg4 Ra4+ 59. Kh5 Bf2 60. Rc7+ Kg8 61. Rc6 1-0

[Event "*** MasterClass Titled Tuesday Blitz"]
[Site "Chess.com"]
[Date "2017.12.12"]
[Round "1"]
[White "Apocalyps999"]
[Black "Keranke"]
[Result "1-0"]
[WhiteElo "2417"]
[BlackElo "2704"]
[TimeControl "180+2"]
[EndTime "13:11:08 PST"]
[Termination "Apocalyps999 won by resignation"]

1. e4 g6 2. d4 Bg7 3. Nc3 d6 4. f4 a6 5. Nf3 b5 6. a3 Nd7 7. e5 c5 8. Be3 Nh6 9. dxc5 dxc5 10.
Qd5 Rb8 11. Bxc5 Bb7 12. Qd4 Nf5 13. Qf2 Nxc5 14. Qxc5 Bxf3 15. gxf3 Rc8 16. Qf2 O-O 17. Bd3 Nd4 18. O-O-O Qb6 19. Kb1 Rfd8 20. Be4 Qc5 21.
Ne2 Ne6 22. Qxc5 Nxc5 23. c3 e6 24. Rd4 Nb3 25. Rxd8+ Rxd8 26. Kc2 Rd2+ 27. Kxb3 Rxe2 28. h4 Bh6 29. h5 Bxf4 30. hxg6 hxg6 31. Rd1 Bxe5 32. Rd8+ Kg7 33. Ra8 f5 34. Bc6 Bf4 35.
Rxa6 Bc1 36. Bxb5 Rxb2+ 37. Kc4 Kf7 38. Bd7 e5 39. Bc6 Rf2 40. Bd5+ Kg7 41. a4 g5 42. a5 g4 43. fxg4 fxg4 44. Ra8 Be3 45. Rg8+ Kf6 46. Rxg4 Rf1 47. Rg3 Bf4 48. Rg8 Ra1 49. Ra8 Be3 50. a6 Kg5 51. Bb7 Kf4 52. Rf8+ Kg4 53.
Kd5 Ra5+ 54. Ke4 Ba7 55. c4 Bd4 56. Rg8+ Kh4 57. Bc8 Kh5 58. Kf5 Kh6 59. Rg6+ Kh7 60. Rc6 Kg7 61. Rc7+ Kf8 62. Ke6 e4 63. Bb7 e3 64.
Rf7+ Ke8 65. Re7+ Kf8 66. Kd7 Ra2 67. Bd5 e2 68. Bf3 Rxa6 69. Rxe2 Rf6 70. Bd5 Rf2 71.
Re4 Bc5 72. Rg4 1-0

[Event "*** MasterClass Titled Tuesday Blitz"]
[Site "Chess.com"]
[Date "2017.12.12"]
[Round "1"]
[White "Veiso"]
[Black "Keaton87"]
[Result "0-1"]
[WhiteElo "2228"]
[BlackElo "2517"]
[TimeControl "180+2"]
[EndTime "13:11:14 PST"]
[Termination "Keaton87 won by checkmate"]

1. d4 Nf6 2. c4 g6 3. Nc3 Bg7 4. e4 O-O 5. Be2 c6 6. Nf3 d5 7.
e5 Ne4 8. O-O Nxc3 9. bxc3 dxc4 10. Bxc4 c5 11. Be3 cxd4 12. cxd4 Nc6 13. h3 Na5 14.
Be2 Be6 15. Nd2 Bd5 16. Bf3 Rc8 17. Qa4 b6 18. Rfc1 Bxf3 19. Nxf3 Qd5 20. Qa3 e6 21. Rxc8 Rxc8 22. Rc1 Rxc1+ 23. Qxc1 Qc4 24. Qd2 Nc6 25. Bh6 Ne7 26. Bxg7 Kxg7 27. Qg5 Nd5 28. h4 h6 29. Qd2 Qc3 30. Qe2 Qc1+ 31. Kh2 Qf4+ 32. g3 Qg4 33. Qd3 Nb4 34. Qb3 Nxa2 35. Kg2 Nc1 36. Qc2 b5 37.
Qxc1 Qe4 38. Qc5 a6 39. Qb6 Qa8 40. d5 Qxd5 41. Qxa6 b4 42. Qe2 b3 43. Kh2 Qb7 44.
Nd2 b2 45. Qd3 Qb6 46. Kg2 Qc6+ 47. Kh2 Qc1 48. Kg2 Qc6+ 49. Kh2 Qc1 50. Kg2 Qd1 51. Kh2 b1=Q 52. Qxb1 Qxd2 53. Kg2 Qd5+ 54. Kh2 Qxe5 55. Qd3 Qb2 56. Kg2 e5 57. Qe4 Qd4 58. Qb7 h5 59. Qe7 Qd5+ 60. Kg1 Qe4 61. Qa3 Qd4 62. Qe7 e4 63.
Kg2 Qd5 64. Kg1 Kh7 65. Kf1 Kg8 66. Kg1 Qd4 67. Kg2 f5 68. Qe6+ Kh7 69. Qe7+ Qg7 70. Qe6 Qb7 71. Kg1 Kg7 72. Qe5+ Kf7 73. Kf1 Qe7 74. Qh8 Qd6 75. Qh7+ Ke8 76. Qh8+ Kd7 77. Qg7+ Kc6 78. Qc3+ Kb5 79. Qe3 Qd3+ 80. Qxd3+ exd3 81. Ke1 Kc4 82. Kd2 Kd4 83. f3 Kc4 84. Kd1 Kc3 85. Kc1 d2+ 86. Kd1 Kd3 87. g4 hxg4 88. fxg4 fxg4 89. h5 g3 90. hxg6 g2 91. g7 g1=Q# 0-1

[Event "*** MasterClass Titled Tuesday Blitz"]
[Site "Chess.com"]
[Date "2017.12.12"]
[Round "1"]
[White "arna"]
[Black "Tash_Boy"]
[Result "1-0"]
[WhiteElo "2165"]
[BlackElo "2450"]
[TimeControl "180+2"]
[EndTime "13:11:34 PST"]
[Termination "arna won by resignation"]

1. e4 c5 2. Nf3 d6 3. c3 Nf6 4. Be2 g6 5. O-O Bg7 6. Re1 O-O 7. Bf1 e5 8. d4 exd4 9. cxd4 Nc6 10. d5 Nb4 11. a3 Na6 12. h3 Nc7 13. Nc3 Rb8 14. a4 a6 15. a5 b5 16. axb6 Rxb6 17. Nd2 Re8 18. Nc4 Rb4 19. Bf4 Bf8 20. f3 Nh5 21. Bh2 Nb5 22. Na2 Rxc4 23. Bxc4 Bg7 24. Qc2 Nd4 25. Qd3 Qb6 26. Rab1 a5 27. Nc3 Bd7 28. b3 Qb4 29. Rec1 Qb6 30. Ne2 Nxe2+ 31. Qxe2 Bd4+ 32. Kh1 Kg7 33. Qe1 Ra8 34. Rd1 Bf6 35. g4 a4 36. gxh5 a3 37. Ra1 a2 38. Qd2 Bxh3 39. Bf4 Bxa1 40. Rxa1 f6 41. Kh2 Bd7 42. Rxa2 Rxa2 43. Qxa2 g5 44. Bg3 Be8 45. h6+ Kxh6 46. Be1 Qd8 47. Bc3 Qe7 48. Kg3 Kg6 49. Qb2 h5 50.
Qc2 h4+ 51. Kh2 Kg7 52. Bb2 Bd7 53. Qc3 Kf7 54. Bf1 Bc8 55. Bh3 Bxh3 56. Kxh3 Kg6 57.
Kh2 Kf7 58. b4 cxb4 59. Qxb4 Qc7 60. Qc3 Qe7 61. Qc6 Kg6 62. Bd4 Kh5 63. Qc8 Kg6 64. Qg8+ Kh6 65. Qe6 Qb7 66. Qxf6+ Kh5 67. Qh8+ Kg6 68.
Qe8+ Kh6 69. Qe6+ Kh5 70. Qg4+ Kg6 71. Qe6+ Kh5 72. Qxd6 Qb3 73. Bf2 Qxf3 74. Kg1 Qg4+ 75. Kf1 Qd1+ 76. Kg2 Qg4+ 77. Kh2 Qxe4 78. Qe6 Qf4+ 79.
Kg2 g4 80. Qe8+ Kg5 81. Be3 h3+ 82. Kg1 Kf5 83. Bxf4 Kxf4 84. Kh2 Kf3 85. Qf7+ Ke4 86. d6 g3+ 87. Kxg3 h2 88. Kxh2 Ke5 89. d7 1-0

[Event "*** MasterClass Titled Tuesday Blitz"]
[Site "Chess.com"]
[Date "2017.12.12"]
[Round "1"]
[White "Yaacovn"]
[Black "rubhani"]
[Result "1/2-1/2"]
[WhiteElo "2640"]
[BlackElo "2351"]
[TimeControl "180+2"]
[EndTime "13:11:55 PST"]
[Termination "Game drawn by agreement"]

1. d4 Nf6 2. Nf3 e6 3. e3 d5 4. Bd3 c5 5. c3 Nc6 6. Nbd2 Bd6 7. O-O O-O 8. Qe2 e5 9. dxc5 Bxc5 10. e4 Re8 11.
exd5 Nxd5 12. Ne4 Bb6 13. Rd1 Qe7 14. Bg5 Nf4 15. Qc2 Qc7 16. Bxf4 exf4 17. Nd6 Rd8 18. Bxh7+ Kf8 19. Nb5 Rxd1+ 20. Rxd1 Qe7 21. Re1 Qc5 22.
Bd3 Bg4 23. Nbd4 Qh5 24. h3 Bxf3 25. Nxf3 Rd8 26. Bf5 g6 27. Be4 Qc5 28. Re2 Kg7 29. Rd2 Re8 30. Re2 Rd8 31. Bd3 Rd7 32. a3 Qd5 33.
Be4 Qc5 34. Re1 Re7 35. Bxc6 Rxe1+ 36. Nxe1 bxc6 37. Qe2 Qd5 38. Nf3 a5 39. Qc2 Qa2 40. Qc1 Qc4 41. Qd2 Qe4 42. Nd4 c5 43. Nf3 a4 44.
Ne1 c4 45. Nf3 Qb1+ 46. Kh2 Qf1 47. Nd4 Bc7 48. Nf3 Bb6 49. Nd4 Bc7 50. f3 Qd3 51.
Qe2 Qxe2 52. Nxe2 Kf6 53. Kg1 Bb6+ 54. Kf1 Ke5 55. Ke1 g5 56. Kd1 Ba7 57. Nc1 Bb6 58.
Na2 Kd6 59. Nb4 Ba7 60. Nc2 Kd5 61. Kd2 Bc5 62. Nb4+ Kd6 63. Kd1 Ba7 64. Ke2 Bc5 65. Nc2 Kd5 66. Kd2 Ba7 67. Kd1 Bb6 68. Ke2 Ba7 69. Nb4+ Kd6 70. Kd1 Bb6 71. Kc2 Ba7 72. Na2 Bb6 73. Nc1 Ba7 74. Ne2 Kd5 75. h4 gxh4 76.
Nxf4+ Ke5 77. Nh3 Be3 78. Kd1 f6 79. Kc2 Kd5 80. Kd1 Ke5 81. Kc2 Kd5 82. Kb1 Ke5 83. Kc2 Kd5 84. Kd1 Ke5 85. Kc2 Kd5 86. Kb1 Ke5 87.
Ka2 Kd5 88. Ka1 Ke5 89. Kb1 Kd5 90. Kc2 Ke5 91. Kd1 Kd5 1/2-1/2

[Event "*** MasterClass Titled Tuesday Blitz"]
[Site "Chess.com"]
[Date "2017.12.12"]
[Round "1"]
[White "goldenspine"]
[Black "BartoszSocko"]
[Result "1-0"]
[WhiteElo "2290"]
[BlackElo "2525"]
[TimeControl "180+2"]
[EndTime "13:12:02 PST"]
[Termination "goldenspine won by resignation"]

1. e4 e6 2. Nf3 d5 3. exd5 exd5 4. d4 Bd6 5. Bd3 Nc6 6. c3 Nge7 7. Qc2 Bg4 8. Nbd2 Qd7 9. O-O O-O-O 10. b4 Rde8 11. a4 Bf5 12. a5 Bxd3 13. Qxd3 Qf5 14. Qxf5+ Nxf5 15. b5 Nd8 16. Re1 Rxe1+ 17. Nxe1 Re8 18. Kf1 a6 19. bxa6 bxa6 20. Nd3 Nc6 21. Ba3 Bxh2 22. g3 Bxg3 23. fxg3 Nxg3+ 24. Kf2 Re2+ 25. Kxg3 Re3+ 26. Nf3 Rxd3 27. Bb4 Re3 28. Re1 Rxe1 29. Nxe1 Kd7 30. Nd3 Nb8 31. Bf8 g6 32. Kf4 f6 33. Nb4 Ke6 34.
Bc5 h5 35. Ba7 g5+ 36. Kf3 Nd7 37. Nxa6 Kd6 38. Nc5 Nf8 39. Bb8 Nd7 40. a6 Nb6 41. a7 Kc6 42. Ne6 Kb7 43. Nxc7 f5 44. Ne6 g4+ 45.
Kg3 Ka8 46. Kh4 Kb7 47. Nf4 Kc6 48. Nxh5 Kb5 49. Nf4 Kc4 50. Kg3 Na8 51. Ne2 Kd3 52.
Kf2 Ke4 53. Bg3 Kd3 54. Be5 Nb6 55. Nf4+ Kc4 56. Ke3 Na8 57. Kd2 g3 58. Ne2 g2 59.
Kc2 Nb6 60. Bh2 Kb5 61. Nf4 Ka6 62. Nxd5 Na8 63. Ne3 f4 64. Nxg2 f3 65. Ne3 Kxa7 66. Kd3 Nb6 67. Ke4 f2 68. Nf1 Na4 69. Kd3 Nb2+ 70.
Kd2 Nc4+ 71. Kd3 Nb2+ 72. Kc2 Nc4 73. Bg3 Kb6 74. Bxf2 Kc6 75. Kd3 Nb2+ 76. Ke4 Kb5 77. Ne3 Na4 78. c4+ Kc6 79. d5+ Kd7 80. Kd4 Nb6 81. c5 Nc8 82. Nc4 Ne7 83. Nb6+ Ke8 84.
Ke5 Ng6+ 85. Kd6 Nh8 86. Bh4 Nf7+ 87. Ke6 Nh6 88. c6 Nf7 89. c7 1-0

[Event "*** MasterClass Titled Tuesday Blitz"]
[Site "Chess.com"]
[Date "2017.12.12"]
[Round "1"]
[White "chess2matters"]
[Black "tigra"]
[Result "0-1"]
[WhiteElo "2331"]
[BlackElo "2647"]
[TimeControl "180+2"]
[EndTime "13:12:25 PST"]
[Termination "tigra won by resignation"]

1. d4 Nf6 2. c4 g6 3. g3 d5 4. cxd5 Bg7 5. Nf3 O-O 6. Bg2 Nxd5 7. O-O Nb6 8. Nc3 Nc6 9. e3 Re8 10.
Qe2 e5 11. dxe5 Nxe5 12. Nxe5 Bxe5 13. Rd1 Qe7 14. Bd2 c6 15. Rac1 Be6 16. b3 h5 17.
h3 a5 18. Ne4 a4 19. Nc5 axb3 20. axb3 Bc8 21. Bb4 h4 22. g4 Bb8 23. Na6 Qf6 24. Nxb8 Rxb8 25. Bd6 Ra8 26. b4 Be6 27. b5 Bd5 28. Bc5 Bxg2 29. Kxg2 Nd5 30. Qf3 Qe6 31. bxc6 bxc6 32. Bd4 Ra2 33. Kg1 Ra4 34. Rb1 Qe7 35.
Rdc1 Qd7 36. Rc2 Kf8 37. Rbc1 Re6 38. Bc5+ Kg7 39. Bd4+ Kh7 40. Bb2 Kg8 41. Bd4 Kf8 42. Rb1 Ra8 43. Rcb2 Qe8 44. Rb7 Kg8 45. Rc1 Ra4 46.
Rcb1 Ra8 47. Rc1 Rd8 48. Rcb1 Ra8 49. Ba7 Nc3 50. Rb8 Nxb1 51. Rxe8+ Raxe8 52. Bd4 Nd2 53. Qf4 f6 54. Kg2 Ne4 55. f3 Nd6 56. g5 fxg5 57.
Qxg5 Nf5 58. Bc5 Kf7 59. e4 Ng7 60. Qxh4 Ra8 61. Qf4+ Kg8 62. Qc7 Rae8 63. Bd4 R8e7 64. Qb8+ Ne8 65. Qb3 Kf7 66. Qc4 Nd6 67. Qa2 Nb5 68.
Ba1 Ra7 69. Qb2 Ke8 70. Qh8+ Kd7 71. Bb2 Rd6 72. Qg7+ Kc8 73. Qf8+ Rd8 74. Qc5 Rd2+ 75. Kg3 Rxb2 76. Qxc6+ Nc7 77. Qxg6 Raa2 78. Qg8+ Kd7 79.
Qf7+ Kc6 80. e5 Rg2+ 81. Kf4 Nd5+ 82. Kf5 Ra5 83. Qe8+ Kc5 84. Qc8+ Kd4 85. Qd7 Rg3 86. Ke6 Ra6+ 87. Kf5 Rxf3+ 88. Kg4 Rf4+ 89. Kg3 Rg6+ 90. Kh2 Rb6 91. e6 Re4 92. Kg3 Rexe6 93. Qg7+ Rf6 94. h4 Rb3+ 95. Kg4 Rf3 96. h5 Ne3+ 97. Kh4 Nf5+ 0-1

[Event "*** MasterClass Titled Tuesday Blitz"]
[Site "Chess.com"]
[Date "2017.12.12"]
[Round "1"]
[White "PinguInTheCity"]
[Black "gammagramma"]
[Result "0-1"]
[WhiteElo "1989"]
[BlackElo "2444"]
[TimeControl "180+2"]
[EndTime "13:12:30 PST"]
[Termination "gammagramma won on time"]

1. d4 d5 2. Nf3 c5 3. Bf4 cxd4 4.
Nxd4 a6 5. Nc3 Nf6 6. e3 Qb6 7. Qd2 Nc6 8. Nxc6 bxc6 9. Na4 Qa7 10. Qc3 Bd7 11. Nc5 e6 12. Nxd7 Kxd7 13. Bd3 Qc5 14. Qd2 Be7 15. O-O Rhd8 16. a3 Ke8 17. b4 Qa7 18.
Qe2 Kf8 19. c4 a5 20. Be5 Kg8 21. c5 Nd7 22. Bb2 Bf6 23. Qc2 g6 24. h3 Rdb8 25.
Bxf6 Nxf6 26. Qc3 Nd7 27. Rfb1 Qc7 28. Rc1 Qe5 29. Rab1 Qxc3 30. Rxc3 axb4 31. Rxb4 Rxb4 32. axb4 Rb8 33. b5 cxb5 34. c6 Ne5 35. Bxb5 Rc8 36. f4 Nc4 37. Kf1 Rc7 38. Ke2 Nd6 39. Ba4 Kf8 40. Rb3 h5 41. Rb8+ Ke7 42. Ra8 Ne4 43.
Ke1 h4 44. Rb8 Nc3 45. Bb5 Nxb5 46. Rxb5 Rxc6 47. Kf2 Rc2+ 48. Kf3 Rc3 49. Kf2 Kf6 50. Rb7 Ra3 51. Ke2 Kf5 52. Kf3 f6 53. Rb5 g5 54.
fxg5 Kxg5 55. Kf2 Kf5 56. Rb4 Kg5 57. Rg4+ Kh5 58. Rg8 e5 59. Rh8+ Kg5 60. Rd8 Ra2+ 61. Kf1 Rd2 62. Rg8+ Kf5 63. Rg4 d4 64. exd4 Rxd4 65. Rg8 Ke4 66. Ke2 f5 67. Rh8 Kd5 68. Rd8+ Ke6 69. Rh8 Ra4 70. Rh6+ Kd5 71. Rh5 Ra2+ 72.
Kf1 Ke4 73. Kg1 Kf4 74. Kh2 e4 75. Rxh4+ Ke3 76. Kg3 Ra8 77. Rh7 f4+ 78. Kh2 Ra2 79. h4 f3 80. Rg7 f2 81. Rf7 Ra1 82. g4 f1=Q 0-1

[Event "*** MasterClass Titled Tuesday Blitz"]
[Site "Chess.com"]
[Date "2017.12.12"]
[Round "1"]
[White "pKiLz5Rn9b"]
[Black "djogrodek1"]
[Result "1/2-1/2"]
[WhiteElo "2623"]
[BlackElo "2330"]
[TimeControl "180+2"]
[EndTime "13:12:45 PST"]
[Termination "Game drawn - insufficient material"]

1. b3 d5 2. Bb2 Bg4 3. Nf3 Nf6 4. g3 Nbd7 5. Bg2 e6 6. O-O c6 7. h3 Bh5 8. d4 Bd6 9. c4 O-O 10. Nc3 Qe7 11. Re1 Rfd8 12. cxd5 exd5 13. Qc1 Re8 14. Nh4 Bg6 15. Nxg6 hxg6 16. e4 dxe4 17. Nxe4 Nxe4 18.
Rxe4 Qf8 19. d5 Rxe4 20. Bxe4 c5 21. Qc2 Re8 22. h4 Nf6 23. Bf3 Qe7 24. Kg2 Qc7 25. Rc1 Qa5 26. a3 Qd8 27. Qc4 Nd7 28. Qb5 b6 29. b4 Ne5 30. Be2 Nd7 31. Qa6 Qb8 32. Bb5 Re7 33. Qa4 Nf6 34. Qb3 Qb7 35. Bc6 Qc7 36. Qf3 cxb4 37. axb4 Be5 38. Bxe5 Qxe5 39. Rd1 Qd6 40. Qf4 Ne4 41. Qf3 Qxb4 42. h5 gxh5 43.
Qxh5 Qb2 44. Qf5 Nxf2 45. Rb1 Qa2 46. d6 Ne4+ 47. Kh3 Nxd6 48. Qd3 Re6 49. Bd5 Rh6+ 50.
Kg4 Qf2 51. Rc1 g6 52. Rc6 Qf5+ 53. Qxf5 Nxf5 54. Ba2 Kg7 55. Rc7 Nd6 56. Rxa7 Rh1 57. Rd7 Rd1 58. Bxf7 Rd4+ 59. Kf3 Nf5 60. Rb7 Kf6 61. Ba2 Rd6 62. g4 Nd4+ 63. Kf4 Ne6+ 64. Ke3 Nc5 65. Ra7 Kg5 66. Kf3 Rd3+ 67. Ke2 Rd6 68. Kf3 Ne6 69. Bxe6 Rxe6 70. Rb7 Rc6 71. Kg3 Rc3+ 72. Kg2 Rb3 73. Rg7 b5 74. Kf2 b4 75.
Ke2 Rb1 76. Kf3 b3 77. Rb7 Rb2 78. Kg3 Rb1 79. Kf3 Kf6 80. Rb5 Ke7 81. Kf4 Kd6 82. Kg5 Kc6 83. Rb8 Kc5 84. Kxg6 Rg1 85. g5 Kc4 86. Rc8+ Kb4 87. Rb8+ Ka3 88. Ra8+ Kb2 89. Kf6 Kc2 90. Rc8+ Kb1 91. g6 b2 92. g7 Ka1 93. Ra8+ Kb1 94. Ra5 Rxg7 95. Kxg7 Kc2 96.
Rc5+ Kd2 97. Rb5 Kc2 98. Rxb2+ Kxb2 1/2-1/2